 Dungeon Crawl Stone Soup version 0.29.1-15-g9cfb28693d (webtiles) character file.

Game seed: 17427836577820769022

76 fireball365 the Trooper (level 4, 40/40 HPs)
             Began as a Hill Orc Fighter on Oct 31, 2022.
             Quit the game on level 2 of the Dungeon on Oct 8, 2023.
             The game lasted 00:13:27 (2136 turns).

fireball365 the Trooper (Hill Orc Fighter)          Turns: 2136, Time: 00:13:28

Health: 40/40      AC:  7    Str: 20    XL:     4   Next: 32%
Magic:  4/4        EV:  9    Int:  8    God:
Gold:   88         SH:  4    Dex: 10    Spells: 3/3 levels left

rFire   . . .      SeeInvis .   a - +0 war axe
rCold   . . .      Faith    .   c - +0 buckler
rNeg    . . .      Spirit   .   b - +0 scale mail
rPois   .          Reflect  .   (no helmet)
rElec   .          Harm     .   (no cloak)
rCorr   .          Rampage  .   (no gloves)
Will    .....                   (no boots)
Stlth   ..........              (no amulet)
HPRegen 0.13/turn               (no ring)
MPRegen 0.09/turn               (no ring)

@: no status effects
A: no striking features
a: no special abilities


You were on level 2 of the Dungeon.
You visited 1 branch of the dungeon, and saw 2 of its levels.

You collected 88 gold pieces.

Inventory:

Hand Weapons
 a - a +0 war axe (weapon)
Missiles
 m - 15 stones (quivered)
Armour
 b - a +0 scale mail (worn)
 c - a +0 buckler (worn)
 g - a +0 pair of boots
Jewellery
 i - a ring of protection from cold
Scrolls
 d - a scroll of amnesia {unknown}
 f - a scroll of identify {unknown}
 k - a scroll of fear {unknown}
Potions
 e - a potion of brilliance {unknown}
 l - a potion of heal wounds {unknown}
 n - a potion of lignification {unknown}


   Skills:
 + Level 4.3 Fighting
 + Level 3.8 Axes
 + Level 3.9 Armour
 + Level 4.0 Shields


You had 3 spell levels left.
You didn't know any spells.
Your spell library was empty.

Dungeon Overview and Level Annotations

Branches:
Dungeon (2/15)

Altars:


Message History

You kill the quokka!
You see here a quokka corpse.
A worm comes into view.
The worm barely misses you.
You slash the worm!
The worm is severely wounded.
The worm bites you.
You completely miss the worm.
The worm is severely wounded.
The worm barely misses you.
You hit the worm.
The worm is severely wounded.
The worm bites you but does no damage.
You hit the worm but do no damage.
The worm is severely wounded.
You slash the worm!
You kill the worm!
Your Shields skill increases to level 4!
There is a stone staircase leading down here.
Found 7 gold pieces.
You now have 80 gold pieces (gained 7).
Things that are here:
an adder skeleton; a hobgoblin skeleton
Things that are here:
an adder skeleton; a hobgoblin skeleton You drop a +0 spear of freezing.
It was a potion of curing.
You feel better.
You feel better.
Welcome back, fireball365 the Hill Orc Fighter.
Press ? for a list of commands and other information.
Saving game... please wait.
Welcome back, fireball365 the Hill Orc Fighter.
Press ? for a list of commands and other information.
m - 15 stones (gained 2)
You see here a +0 dagger.
Found 8 gold pieces.
You now have 88 gold pieces (gained 8).
Welcome back, fireball365 the Hill Orc Fighter.
Press ? for a list of commands and other information.
Are you sure you want to abandon this character and quit the game? (Confirm with "yes".)

######## .......# ######.########
#........# ########.# #.### ##
#.#.## .##### #####..#@##
######## #....# ##.....###.##
##....... ##...###.....## ##.#
#...).).. #....)........###..#
#.#.#)### ..#..#.#######.#.#.#
#.#.#..## ..#.##....##
#...#.######.#.##...
...##......###...............##..
...#.....)..#..#.#.#######...#.#†
#.##........##.#.#...........###(


There were no monsters in sight!

Vanquished Creatures
  An adder (D:2)
  2 worms (D:2)
  A dart slug (D:2)
  3 orcs (D:2)
  4 ball pythons
  3 endoplasms
  9 giant cockroaches
  4 goblins (D:2)
  5 hobgoblins
  4 kobolds
  4 quokkas
  3 frilled lizards
  6 rats
49 creatures vanquished.

Notes
Turn   | Place    | Note
-------+----------+-------------------------------------------
     0 | D:1      | fireball365 the Hill Orc Fighter began the quest for the
                  | Orb.
     0 | D:1      | Reached XP level 1. HP: 19/19 MP: 1/1
   456 | D:1      | Reached XP level 2. HP: 27/27 MP: 2/2
  1158 | D:2      | Reached XP level 3. HP: 29/33 MP: 3/3
  1712 | D:2      | Reached XP level 4. HP: 39/40 MP: 4/4
  2136 | D:2      | Upgraded the game from 0.29.1-2-gbd0b4ee654 to
                  | 0.29.1-15-g9cfb28693d
  2136 | D:2      | Quit the game

Illustrated notes

Levels and vault maps discovered:
D:1:      wander_arrival_estate, layout_basic, minmay_misc_feat_encased,
          minivault_11
D:2:      minmay_roachtagon, layout_loops_ring, guppyfry_early_orc_mine

Skill      XL: |  1  2  3  4 |
---------------+-------------+-----
Axes           | 3 |  3.8
Fighting       | 4 |  4.3
Shields        | 4 |  4.0
Armour         | |  3.9

Action                   |  1- 3 |  4- 6 || total
-------------------------+-------+-------++-------
Melee: War axe           |    98 |    23 ||   121
  Use: Potion            |     1 |     2 ||     3
Armor: Scale mail        |    47 |     5 ||    52
Dodge: Dodged            |    49 |    10 ||    59
Block: Buckler           |    30 |     7 ||    37
